 Dungeon Crawl Stone Soup version 0.13-a0-2884-gbbf8bdf (webtiles) character file.

264 Bahl the Chopper (level 5, -5/46 HPs)
             Began as a Minotaur Berserker on Aug 29, 2013.
             Was a Priest of Trog.
             Slain by an orc warrior
             ... wielding a +0,+1 orcish mace
              (13 damage)
             ... on Level 3 of the Dungeon.
             The game lasted 00:07:23 (2117 turns).

Bahl the Chopper (Minotaur Berserker)               Turns: 2117, Time: 00:07:24

HP  -5/46        AC 11     Str 22      XL: 5   Next: 19%
MP   1/1         EV  7     Int  4      God: Trog [***...]
Gold 103         SH  0     Dex 10      Spells:  0 memorised,  4 levels left

Res.Fire  : . . .   See Invis. : .   a - +0 hand axe {=f}
Res.Cold  : . . .   Warding    : .   p - +0 chain mail
Life Prot.: . . .   Conserve   : .   (no shield)
Res.Poison: .       Res.Corr.  : .   (helmet restricted)
Res.Elec. : .       Clarity    : .   (no cloak)
Sust.Abil.: . .     Spirit.Shd : .   f - +0 pair of gloves
Res.Mut.  : .       Stasis     : .   s - +0 pair of boots
Res.Rott. : .       Flight     : .   (no amulet)
Saprovore : . . .                    (no ring)
                                     (no ring)

@: regenerating (expiring), quite poisoned, quite resistant to hostile
enchantments, extremely unstealthy
A: retaliatory headbutt, horns 2
a: Burn Spellbooks, Berserk, Trog's Hand, Renounce Religion


You were on level 3 of the Dungeon.
You worshipped Trog.
Trog was greatly pleased with you.
You were hungry.

You visited 1 branch of the dungeon, and saw 3 of its levels.

You collected 83 gold pieces.

Inventory:

Hand weapons
 a - a +0,+0 hand axe (weapon) {=f}
Armour
 f - a +0 pair of gloves (worn)
 l - a +0 pair of boots
 p - a +0 chain mail (worn)
 s - a +0 pair of boots (worn)
Comestibles
 c - a bread ration
 h - a pear
 m - an orange
 v - a chunk of orc flesh
Scrolls
 b - a scroll of curse jewellery {unknown}
 d - 7 scrolls of magic mapping {unknown}
 g - 2 scrolls of identify {unknown}
 i - 3 scrolls of teleportation {unknown}
 j - a scroll of fear {unknown}
 k - 2 scrolls of fog {unknown}
 t - 2 scrolls of remove curse {unknown}
 u - a scroll of curse armour {unknown}
Potions
 e - 3 potions of heal wounds {unknown}
 n - 4 potions of curing {unknown}
 o - a potion of might
 q - a potion of confusion {unknown}
 r - 2 potions of speed {unknown}


   Skills:
 - Level 3.6 Fighting
 + Level 7.1 Axes
 - Level 2.4 Armour
 - Level 2.1 Dodging


You had 4 spell levels left.
You didn't know any spells.

Dungeon Overview and Level Annotations

Branches:
Dungeon (3/27)

Altars:
Ashenzari


Innate Abilities, Weirdness & Mutations

You reflexively headbutt those who attack you in melee.
You have a pair of horns on your head.


Message History

The orc warrior hits you with an orcish mace!
* * * LOW HITPOINT WARNING * * *
You closely miss the orc warrior.
The orc warrior is severely wounded.
* * * LOW HITPOINT WARNING * * *
You feel sick.
The orc warrior hits you with an orcish mace.
* * * LOW HITPOINT WARNING * * *
You barely miss the orc warrior.
The orc warrior is severely wounded.
* * * LOW HITPOINT WARNING * * *
You feel sick.
The orc warrior hits you but does no damage.
You hit the orc warrior.
The orc warrior is severely wounded.
Your skin is crawling a little less now.
* * * LOW HITPOINT WARNING * * *
You feel sick.
The orc warrior hits you with an orcish mace!
You die...

#.......#.##
#########..###########
............... #######
#.............. ###########.....#
#.............. ............###%#
#.............. ............# #.#
#..............
............###.###..............
................@oo....?.........
########....######o..............
###### #..............(
#............... ................
#.##............ .. #..=...!....
# #......... #.#####


You could see an orc warrior and 2 orcs.

Vanquished Creatures
  An orc priest (D:3)
  7 adders
  A giant mite (D:1)
  A giant gecko (D:1)
  An orc (D:3)
  4 giant cockroaches
  10 hobgoblins
  4 jackals (D:2)
  6 kobolds
  A quokka (D:2)
  9 bats
  5 giant newts
  3 goblins
  9 rats
62 creatures vanquished.

Notes
Turn   | Place    | Note
--------------------------------------------------------------
     0 | D:1      | Bahl, the Minotaur Berserker, began the quest for the Orb.
     0 | D:1      | Reached XP level 1. HP: 19/19 MP: 0/0
   122 | D:1      | Reached skill level 4 in Axes
   206 | D:1      | Reached XP level 2. HP: 15/26 MP: 0/0
   703 | D:1      | Reached skill level 5 in Axes
   717 | D:1      | Acquired Trog's second power
   830 | D:1      | Reached XP level 3. HP: 30/33 MP: 1/1
  1523 | D:2      | Reached XP level 4. HP: 39/39 MP: 1/1
  1524 | D:2      | Reached skill level 6 in Axes
  1715 | D:2      | Found a shattered altar of Ashenzari.
  2065 | D:3      | Reached skill level 7 in Axes
  2065 | D:3      | Reached XP level 5. HP: 46/46 MP: 1/1
  2088 | D:3      | Noticed an orc warrior
  2117 | D:3      | Slain by an orc warrior

Action                   |  1- 3 |  4- 6 || total
-------------------------+-------+-------++-------
Melee: Hand axe          |   101 |    66 ||   167
Invok: Trog's Hand       |       |     1 ||     1
